 Dungeon Crawl Stone Soup version 0.28-a0-1184-g53156a8862 (webtiles) character file.

Game seed: 581380436987180646

62 lonewolfV2 the Skirmisher (level 3, 0/33 HPs)
             Began as a Draconian Berserker on Dec 17, 2021.
             Was a Believer of Trog.
             Slain by a kobold (2 damage)
             ... on level 2 of the Dungeon.
             The game lasted 00:02:18 (1409 turns).

lonewolfV2 the Skirmisher (Draconian Berserker)     Turns: 1409, Time: 00:02:19

Health: 0/33       AC:  5    Str: 21    XL:     3   Next: 85%
Magic:  3/3        EV: 12    Int:  7    God:    Trog [**....]
Gold:   101        SH:  0    Dex: 10    Spells: 2/2 levels left

rFire   . . .      SeeInvis .   a - +0 falchion
rCold   . . .      Faith    .   (no shield)
rNeg    . . .      Spirit   .   (armour unavailable)
rPois   .          Reflect  .   (helmet restricted)
rElec   .          Harm     .   (no cloak)
rCorr   .          Rampage  .   (no gloves)
Will    .....                   (no boots)
Stlth   +.........              (no amulet)
HPRegen 0.11/turn               (no ring)
MPRegen 0.08/turn               (no ring)

@: no status effects
A: AC +5, unfitting armour, cold-blooded
a: Renounce Religion, Berserk, Trog's Hand


You were on level 2 of the Dungeon.
You worshipped Trog.
Trog was pleased with you.
You visited 1 branch of the dungeon, and saw 2 of its levels.

You collected 101 gold pieces.

Inventory:

Hand Weapons
 a - a +0 falchion (weapon)
Wands
 i - a wand of iceblast (10) (quivered)
Scrolls
 b - a scroll of enchant armour {unknown}
 c - a scroll of torment {unknown}
 d - a scroll of identify {unknown}
 f - a scroll of amnesia {unknown}
Potions
 e - a potion of curing {unknown}
 g - a potion of resistance {unknown}
 h - a potion of brilliance {unknown}


   Skills:
 + Level 4.2 Fighting
 + Level 3.5 Long Blades
 + Level 3.2 Dodging
 + Level 0.5 Stealth


You had 2 spell levels left.
You didn't know any spells.
Your spell library contained the following spells:

 Spells                   Type           Power      Damage    Failure   Level
 Slow                     Hex            0%         N/A       43%         1
 Confusing Touch          Hex            0%         N/A       80%         3
 Vampiric Draining        Necr           0%         2d6       80%         3


Dungeon Overview and Level Annotations

Branches:
Dungeon (2/15)

Altars:

Shops:
D:1 :[


Innate Abilities, Weirdness & Mutations

Your plain brown scales are hard. (AC +5)
You cannot fit into any form of body armour.
You are cold-blooded and may be slowed by cold attacks.


Message History

The kobold hits you with a +0 whip.
You hit the frilled lizard but do no damage.
You feel sick.
The frilled lizard bites you but does no damage.
The kobold barely misses you.
You hit the frilled lizard.
You kill the frilled lizard!
Trog accepts your kill.
You feel sick. The kobold completely misses you.
You hit the adder but do no damage.
You feel sick. The adder barely misses you. The kobold hits you with a +0 whip.
The adder bites you.
You are more poisoned.
The adder poisons you!
You barely miss the adder.
You feel sick. The kobold barely misses you. The adder barely misses you.
You slash the adder!
Your tail-slap misses the adder.
The adder is almost dead.
You feel sick. The kobold hits you with a +0 dagger.
The adder barely misses you. The kobold hits you with a +0 whip.
* * * LOW HITPOINT WARNING * * *
The kobold hits you but does no damage. The adder bites you but does no damage.
You hit the adder.
You kill the adder!
Trog accepts your kill.
You feel sick. The kobold hits you with a +0 whip.
* * * LOW HITPOINT WARNING * * *
The kobold hits you but does no damage.
You feel sick.
You are no longer poisoned.
The kobold hits you with a +0 whip.
* * * LOW HITPOINT WARNING * * *
The kobold hits you but does no damage.
Things that are here:
an adder corpse; an adder corpse You slash the kobold!
You kill the kobold!
Trog accepts your kill.
The hobgoblin hits you but does no damage.
The kobold hits you with a +0 dagger.
You die...

#........... #...........
#..........# ..........#
........# ...)..#
########.g.##...
.......K@)...... ######.†#.##.##
#.##.##.# #### #.# .... ###
#..## #.# #.. ^.#
#...#######.###.###########
..#####.......................#
.....###..####.#.##.#########.##
..##.####.#......##.### #.[##


You could see a hobgoblin and a kobold.

Vanquished Creatures
  2 adders (D:2)
  A worm (D:2)
  A dart slug (D:1)
  3 bats
  4 endoplasms
  8 giant cockroaches
  6 goblins
  2 hobgoblins (D:1)
  3 kobolds
  A quokka (D:1)
  A ball python (D:2)
  2 frilled lizards
  A rat (D:2)
35 creatures vanquished.

Notes
Turn   | Place    | Note
-------+----------+-------------------------------------------
     0 | D:1      | lonewolfV2 the Draconian Berserker began the quest for the
                  | Orb.
     0 | D:1      | Reached XP level 1. HP: 19/19 MP: 1/1
   301 | D:1      | Reached XP level 2. HP: 27/27 MP: 2/2
   493 | D:1      | Found a faded altar of an unknown god.
   798 | D:1      | Found Zumuo's Armour Shop.
   902 | D:1      | Found Acoruenn's Book Boutique.
  1029 | D:1      | Reached ** piety under Trog
  1030 | D:1      | Reached XP level 3. HP: 32/33 MP: 3/3
  1206 | D:2      | Reached skill level 4 in Fighting
  1409 | D:2      | Slain by a kobold

Illustrated notes

Levels and vault maps discovered:
D:1:      nagdon_arrival_zigzag_paths, layout_basic, serial_shops,
          nicolae_diamond_shop, shop, hellmonk_ecumenical_altar_run_dry
D:2:      layout_rooms

Skill      XL: |  1  2  3 |
---------------+----------+-----
Dodging        | 3 |  3.2
Fighting       | 4 |  4.2
Long Blades    | |  3.5
Stealth        | |  0.5

Action                   || total
-------------------------++-------
Melee: Falchion          ||    76
       Tailslap          ||     4
Evoke: Wand              ||     1
Armor: Skin              ||    31
Dodge: Dodged            ||    50

Table legend: (Time is in decaauts)
 A = Elapsed time spent in this place.
 B = Non-inter-level travel time spent in this place.
 C = Inter-level travel time spent in this place.
 D = Time resting spent in this place.
 E = Time spent auto-exploring this place.
 F = Levels seen in this place.
 G = Mean time per level.
                   A        B        C        D        E       F      G
               +--------+--------+--------+--------+--------+-----+--------+
         Total |   1420 |   1391 |     29 |      0 |   1134 |   2 |  710.0 |
       Dungeon |   1420 |   1391 |     29 |      0 |   1134 |   2 |  710.0 |
               +--------+--------+--------+--------+--------+-----+--------+

Top non-repeatable levels by time:
     D:1: 1210 daAuts
     D:2: 210 daAuts
